 Dungeon Crawl Stone Soup version 0.21.1-1-g345015f (webtiles) character file.

86 diana the Slasher (level 4, 0/35 HPs)
             Began as a Demonspawn Gladiator on June 5, 2018.
             Slain by Sigmund
             ... wielding a +0 scythe
              (8 damage)
             ... on level 3 of the Dungeon.
             The game lasted 00:03:53 (2017 turns).

diana the Slasher (Demonspawn Gladiator)            Turns: 2017, Time: 00:03:53

Health: 0/35       AC:  7    Str: 15    XL:     4   Next: 26%
Magic:  4/4        EV: 13    Int:  9    God:
Gold:   117        SH:  0    Dex: 15    Spells: 3/3 levels left

rFire    + . .     SeeInvis .   a - +0 long sword
rCold    . . .     Gourm    .   (no shield)
rNeg     . . .     Faith    .   b - +0 leather armour
rPois    .         Spirit   .   u - +1 hat
rElec    .         Reflect  .   (no cloak)
rCorr    .         Harm     .   (no gloves)
MR       .....                  (no boots)
Stlth    +.........             j - amulet of regeneration
HPRegen  0.51/turn              e - ring of protection from fire
MPRegen  0.09/turn              (no ring)

@: no status effects
A: hooves 1, thin metallic scales 2
a: no special abilities


You were on level 3 of the Dungeon.
You were hungry.

You visited 1 branch of the dungeon, and saw 3 of its levels.

You collected 117 gold pieces.

Inventory:

Hand Weapons
 a - a +0 long sword (weapon)
Missiles
 d - 3 throwing nets (quivered)
Armour
 b - a +0 leather armour (worn)
 c - a +0 helmet
 u - a +1 hat (worn)
Jewellery
 e - a ring of protection from fire (left hand)
 j - an amulet of regeneration (around neck)
 p - an uncursed amulet of rage
Wands
 r - a wand of flame (23)
Scrolls
 h - a scroll of blinking {unknown}
 i - a scroll of magic mapping {unknown}
 l - 2 scrolls of identify {unknown}
 m - a scroll of remove curse {unknown}
 n - a scroll of enchant armour {unknown}
 s - a scroll of amnesia {unknown}
Potions
 g - 2 potions of mutation {unknown}
 k - 3 potions of curing {unknown}
 o - 2 potions of ambrosia {unknown}
 q - 2 potions of flight {unknown}
Comestibles
 f - 6 rations


   Skills:
 + Level 3.0 Fighting
 + Level 3.4 Long Blades
 - Level 1.7 Throwing
 + Level 3.4 Dodging


You had 3 spell levels left.
You didn't know any spells.

Dungeon Overview and Level Annotations

Branches:
Dungeon (3/15)

Altars:
Fedhas
Makhleb
Xom
Zin

Annotations:
D:3 Sigmund


Innate Abilities, Weirdness & Mutations

You have large cloven feet.
You are mostly covered in thin metallic scales. (AC +3)


Message History

Something hits you but does no damage.
You hit something but do no damage. Your kick misses something.
Something hits you.
You hit something. Something barely misses you.
You closely miss something. Your kick misses something.
You hear some strange, mumbled words.
A puff of flame appears from out of thin air!
The puff of flame misses you.
You closely miss something. Something hits you but does no damage.
You miss something. You kick something.
You hear some strange, mumbled words.
A magic dart appears from out of thin air!
The magic dart hits you!
You hit something. You kick something. Something hits you.
You closely miss something. Something barely misses you.
You hit something. You kick something. You completely miss something.
Something hits you!
* * * LOW HITPOINT WARNING * * *
You closely miss something. You kick something. Something hits you!
You die...

#.. #..#.
#..##.#..
##...#.#$# #$
...#..(#.####...
#....(.......#
#$.......#
#...{>..#
#?..@<..#
#.>..)†.#
#..........#
...=...........
########..$####
###.# .# .#


There were no monsters in sight!

Vanquished Creatures
  2 adders (D:2)
  A gnoll (D:1)
  An ooze (D:1)
  A worm (D:2)
  3 dart slugs
  A leopard gecko (D:1)
  A ball python (D:1)
  A giant cockroach (D:1)
  5 hobgoblins
  7 jackals
  6 kobolds
  A quokka (D:2)
  2 bats
  3 frilled lizards
  2 goblins (D:2)
  4 rats
41 creatures vanquished.

Vanquished Creatures (others)
  A rat (D:2)
1 creature vanquished.

Grand Total: 42 creatures vanquished

Notes
Turn   | Place    | Note
-------+----------+-------------------------------------------
     0 | D:1      | diana the Demonspawn Gladiator began the quest for the Orb.
     0 | D:1      | Reached XP level 1. HP: 16/16 MP: 1/1
   276 | D:1      | Gained mutation: You are partially covered in thin metallic scales. (AC +2) [demonic ancestry]
   276 | D:1      | Reached XP level 2. HP: 14/23 MP: 2/2
   402 | D:1      | Gained mutation: You have large cloven feet. [demonic ancestry]
   402 | D:1      | Reached XP level 3. HP: 19/28 MP: 3/3
  1317 | D:2      | Found a blossoming altar of Fedhas.
  1438 | D:2      | Noticed an angel
  1439 | D:2      | Found a glowing silver altar of Zin.
  1439 | D:2      | Found a shimmering altar of Xom.
  1625 | D:2      | Found a burning altar of Makhleb.
  1866 | D:2      | Gained mutation: You are mostly covered in thin metallic scales. (AC +3) [demonic ancestry]
  1866 | D:2      | Reached XP level 4. HP: 29/35 MP: 4/4
  1926 | D:3      | Noticed Sigmund
  2017 | D:3      | Slain by Sigmund

Skill      XL: |  1  2  3 |
---------------+----------+-----
Long Blades    | 3 |  3.4
Dodging        | 3 |  3.4
Fighting       | 3 |  3.0
Throwing       | |  1.7

Action                   |  1- 3 |  4- 6 || total
-------------------------+-------+-------++-------
Melee: Long sword        |    82 |    27 ||   109
       Kick              |    22 |    11 ||    33
  Eat: Chunk             |     3 |       ||     3
Armor: Leather armour    |    20 |     9 ||    29
Dodge: Dodged            |    55 |    18 ||    73
       Rpst.: Long sword |    17 |     4 ||    21
